 Dungeon Crawl Stone Soup version 0.22-a0-848-ge9e22a0 (webtiles) character file.

3077 Kuinu the Fighter (level 9, 0/85 HPs)
             Began as a Minotaur Fighter on July 26, 2018.
             Killed by divine providence
             ... invoked by an orc priest
              (12 damage)
             ... on level 7 of the Dungeon.
             The game lasted 00:15:04 (5701 turns).

Kuinu the Fighter (Minotaur Fighter)                Turns: 5701, Time: 00:15:05

Health: 0/85       AC: 13    Str: 24    XL:     9   Next: 58%
Magic:  8/8        EV:  8    Int:  5    God:
Gold:   354        SH: 17    Dex: 15    Spells: 8/8 levels left

rFire    . . .     SeeInvis .   a - +0 long sword
rCold    . . .     Gourm    .   g - +0 large shield
rNeg     . . .     Faith    .   C - +0 plate armour
rPois    .         Spirit   .   (helmet restricted)
rElec    .         Reflect  .   (no cloak)
rCorr    .         Harm     .   (no gloves)
MR       .....                  (no boots)
Stlth    ..........             (no amulet)
HPRegen  0.24/turn              u - +1 ring of slaying
MPRegen  0.11/turn              (no ring)

@: agile, about to teleport, berserk cooldown, slowed, very slow
A: retaliatory headbutt, horns 2
a: no special abilities


You were on level 7 of the Dungeon.
You were not hungry.

You visited 1 branch of the dungeon, and saw 8 of its levels.

You collected 354 gold pieces.

Inventory:

Hand Weapons
 a - a +0 long sword (weapon)
 q - a +3 short sword
 w - a cursed -2 short sword
Armour
 b - a +0 scale mail
 c - a +0 shield
 g - a +0 large shield (worn)
 i - a +0 chain mail
 r - a +0 large shield
 C - a +0 plate armour (worn)
Jewellery
 u - a +1 ring of slaying (left hand)
Wands
 d - a wand of iceblast (7)
 h - a wand of flame (44)
 p - a wand of digging (14)
Scrolls
 e - 3 scrolls of fog
 j - 7 scrolls of random uselessness
 k - 3 scrolls of teleportation
 l - a scroll of blinking {unknown}
 m - 2 scrolls of amnesia
 s - 2 scrolls of immolation {unknown}
 t - a scroll of noise {unknown}
 y - a scroll of enchant armour {unknown}
 A - 3 scrolls of remove curse
 D - 3 scrolls of magic mapping {unknown}
 E - a scroll of identify
Potions
 o - 3 potions of lignification
 v - 2 potions of mutation
 z - a potion of berserk rage
Comestibles
 f - 11 rations


   Skills:
 * Level 9.9 Fighting
 * Level 9.6 Long Blades
 + Level 7.5 Armour
 + Level 7.5 Shields


You had 8 spell levels left.
You didn't know any spells.
Your spell library was empty.

Dungeon Overview and Level Annotations

Branches:
Dungeon (8/15)             Temple (0/1) D:7
   Lair: D:8-11

Altars:
Cheibriados
Dithmenos
Fedhas
Makhleb
Okawaru
Ru
Yredelemnul
The Shining One

Annotations:
D:5 1 runed door, 2 transporters, urutzu's ghost, novice SpAs


Innate Abilities, Weirdness & Mutations

You reflexively headbutt those who attack you in melee.
You have a pair of horns on your head.


Message History

You feel yourself slow down.
You can move again.
It was a potion of curing.
You feel better. Something hits you but does no damage.
You hear some strange, mumbled words.
A magic dart appears from out of thin air!
The magic dart hits you!
* * * LOW HITPOINT WARNING * * *
It was a potion of agility.
You feel agile all of a sudden.
You hear some strange, mumbled words.
A puff of flame appears from out of thin air!
The puff of flame hits you!
* * * LOW HITPOINT WARNING * * *
Okay, then.
As you read the scroll of teleportation, it crumbles to dust.
You feel strangely unstable. Something hits you but does no damage.
The orc priest invokes the aid of Beogh against you.
Beogh smites you!
You die...

## .# .## #.#
#.###########
##@{Woo......#
#..###o#####.#
........# #o# #.#
###########.#####.#
#....[)..#.#
##.#####..#.#
..........#.#
#.##.####.).#.#####
# #.........).....#


You could see a hungry ghost, an orc priest, an orc wizard and an orc.

Vanquished Creatures
  Pikel (D:4)
  Sigmund (D:4)
  Menkaure (D:5)
  Duvessa (D:4)
  2 orc warriors (D:7)
  3 ogres
  2 phantoms (D:4)
  2 centaurs
  Blork the orc (D:6)
  A bullfrog (D:6)
  Dowan (D:4)
  A scorpion (D:5)
  A howler monkey (D:7)
  A crimson imp (D:6)
  A centaur zombie (D:6)
  A bullfrog skeleton (D:5)
  5 orc priests
  A hound (D:3)
  Ijyb (D:2)
  Natasha (twice) (D:3)
  Terence (D:2)
  12 orc wizards
  4 worker ants
  A howler monkey zombie (D:6)
  Robin (D:3)
  3 gnolls (D:5)
  A howler monkey skeleton (D:6)
  4 adders
  4 shadow imps
  4 oozes
  4 worms
  3 dart slugs (D:1)
  3 leopard geckos
  37 orcs
  2 giant cockroaches
  19 goblins
  18 hobgoblins
  13 jackals
  A quokka (D:4)
  3 ball pythons
  A ball python skeleton (D:5)
  9 bats
  3 frilled lizards (D:1)
  2 kobolds
  A quokka zombie (D:5)
  13 rats
  A spectral orc (D:3)
198 creatures vanquished.

Notes
Turn   | Place    | Note
-------+----------+-------------------------------------------
     0 | D:1      | Kuinu the Minotaur Fighter began the quest for the Orb.
     0 | D:1      | Reached XP level 1. HP: 19/19 MP: 0/0
    57 | D:1      | Reached XP level 2. HP: 24/27 MP: 1/1
   286 | D:1      | Reached XP level 3. HP: 30/33 MP: 2/2
   521 | D:2      | Noticed Ijyb
   541 | D:2      | Killed Ijyb
   541 | D:2      | Reached XP level 4. HP: 24/41 MP: 3/3
   815 | D:2      | Found a blossoming altar of Fedhas.
   873 | D:2      | Noticed Terence
   886 | D:2      | Killed Terence
   939 | D:2      | Reached skill level 5 in Fighting
   944 | D:2      | Found an iron altar of Okawaru.
   970 | D:2      | Reached XP level 5. HP: 48/48 MP: 4/4
  1241 | D:3      | Noticed Robin
  1292 | D:3      | Killed Robin
  1576 | D:3      | Found a burning altar of Makhleb.
  1664 | D:3      | Reached XP level 6. HP: 56/56 MP: 5/5
  1734 | D:3      | Found a basalt altar of Yredelemnul.
  1831 | D:3      | Found a sacrificial altar of Ru.
  1937 | D:3      | Noticed Natasha
  1943 | D:3      | Killed Natasha
  2175 | D:3      | Noticed Natasha
  2181 | D:3      | Killed Natasha
  2181 | D:3      | Reached skill level 5 in Long Blades
  2316 | D:4      | Noticed Duvessa
  2316 | D:4      | Noticed Dowan
  2333 | D:4      | Killed Duvessa
  2333 | D:4      | Reached skill level 5 in Armour
  2333 | D:4      | Reached skill level 5 in Shields
  2344 | D:4      | Killed Dowan
  2344 | D:4      | Reached XP level 7. HP: 45/63 MP: 6/6
  2817 | D:4      | Noticed Pikel
  2838 | D:4      | Killed Pikel
  2838 | D:4      | Reached XP level 8. HP: 45/74 MP: 7/7
  2960 | D:4      | Noticed Sigmund
  2983 | D:4      | Killed Sigmund
  3193 | D:5      | Entered Level 5 of the Dungeon
  3193 | D:5      | Found a runed door.
  3193 | D:5      | Noticed urutzu's ghost (novice SpAs)
  3227 | D:5      | Found a transporter.
  3318 | D:5      | Found a transporter.
  3634 | D:5      | Noticed Menkaure
  3642 | D:5      | Killed Menkaure
  3642 | D:5      | Reached XP level 9. HP: 16/82 MP: 8/8
  3916 | D:5      | Found a snail-covered altar of Cheibriados.
  3944 | D:5      | Found a shadowy altar of Dithmenos.
  4126 | D:5      | Found a glowing golden altar of the Shining One.
  5024 | D:6      | Noticed Blork the orc
  5029 | D:6      | Killed Blork the orc
  5628 | D:7      | Found a staircase to the Ecumenical Temple.
  5701 | D:7      | Killed from afar by an orc priest

Vault maps used:
D:1:      scummos_arrival_hexagon, minmay_quantized
D:2:      kennysheep_the_goblin_king, okawaru_metal_pillars_1_2, fedhas_altar_3,
          uniq_terence
D:3:      yredelemnul_forgotten_temple_becter, makhleb_blood_cavern_becter,
          nicolae_ru_the_path_less_chosen, uniq_robin, uniq_natasha
D:4:      first_ration, solitary_fountain, dk_rats_in_the_wall, uniq_sigmund,
          uniq_pikel, uniq_ijyb, uniq_duvessa
D:5:      gammafunk_wand_slinger, nicolae_dithmenos_shadow_blocks,
          hellmonk_ghost_happy_afterlife, cheibrodos_sewer_entry_bend,
          basic_altar, cheibriados_altar_1, uniq_menkaure
D:6:      grunt_potential, uniq_blork_the_orc
D:7:      minmay_temple_entry_mist
D:8:      kiku_gazebo_pond_becter, basic_altar, minmay_orc_keep

Skill      XL: |  1  2  3  4  5  6  7  8  9 |
---------------+----------------------------+-----
Fighting       | 4 5 6 7 8 9 |  9.9
Long Blades    | 3 4 5 7 8 9 |  9.6
Armour         | 4 5 6 7 |  7.5
Shields        | 4 5 6 7 |  7.5

Action                   |  1- 3 |  4- 6 |  7- 9 || total
-------------------------+-------+-------+-------++-------
Melee: Long sword        |    80 |   214 |   345 ||   639
       Headbutt          |     9 |    40 |    78 ||   127
  Use: Potion            |     1 |       |     7 ||     8
       Scroll            |       |       |    10 ||    10
  Eat: Chunk             |       |     5 |    11 ||    16
Armor: Scale mail        |    32 |       |       ||    32
       Chain mail        |     8 |   107 |     7 ||   122
       Plate armour      |       |       |   112 ||   112
Dodge: Dodged            |    32 |    34 |    23 ||    89
Block: Shield            |    72 |    38 |       ||   110
       Large shield      |       |   121 |   195 ||   316
       Rpst.: Long sword |     8 |    13 |     6 ||    27

Table legend:
 A = Spawn XP
 B = Non-spawn XP
 C = Spawn XP percentage of total XP
 D = Spawn monster count
 E = Non-spawn monster count
 F = Spawn count percentage of total count
 G = Total turns spent on level
                    A         B        C        D         E        F      G
               +---------+---------+-------+---------+---------+-------+---------
         Total |       0 |    4396 |   0.0 |       0 |     198 |   0.0 |  5701
               +---------+---------+-------+---------+---------+-------+---------
           D:1 |       0 |      57 |   0.0 |       0 |      31 |   0.0 |   475
           D:2 |       0 |     150 |   0.0 |       0 |      32 |   0.0 |   555
           D:3 |       0 |     277 |   0.0 |       0 |      49 |   0.0 |  1205
           D:4 |       0 |    1532 |   0.0 |       0 |      15 |   0.0 |   958
           D:5 |       0 |     991 |   0.0 |       0 |      31 |   0.0 |  1263
           D:6 |       0 |     892 |   0.0 |       0 |      32 |   0.0 |  1120
           D:7 |       0 |     497 |   0.0 |       0 |       8 |   0.0 |   123
               +---------+---------+-------+---------+---------+-------+---------
